[Event "Live Chess"]
[Site "Chess.com"]
[Date "2023.05.20"]
[Round "-"]
[White "domrobson"]
[Black "Ayush_prahlad_Gupta"]
[Result "1-0"]
[WhiteElo "1752"]
[BlackElo "1785"]
[TimeControl "300"]
[EndTime "12:15:19 PDT"]
[Termination "domrobson won by checkmate"]

1. d4 d5 2. c4 Nf6 3. Nf3 Bf5 4.
Nc3 e6 5. Qb3 dxc4 6. Qxb7 Nbd7 7.
e3 Ne4 8. Nxe4 Bxe4 9. Qxe4 Bb4+ 10. Bd2 Bxd2+ 11. Nxd2 O-O 12. Bxc4 f5 13. Qxe6+ Kh8 14.
O-O Rf6 15. Qd5 Rh6 16. h3 Rb8 17. Nf3 Rg6 18. b3 Qf6 19. Qxd7 h6 20. Ne5 Rg5 21.
Nf7+ Kh7 22. Nxg5+ Qxg5 23. Bd3 Rb6 24. Bxf5+ Rg6 25.
Bxg6+ Qxg6 26. Rac1 Qe4 27. Rxc7 Kg6 28. Qxg7+ Kh5 29.
Rc5+ Kh4 30. Qf6# 1-0

[Event "Live Chess"]
[Site "Chess.com"]
[Date "2023.05.20"]
[Round "-"]
[White "Tilbs_12"]
[Black "rideuv21"]
[Result "0-1"]
[WhiteElo "1561"]
[BlackElo "1832"]
[TimeControl "300"]
[EndTime "12:15:21 PDT"]
[Termination "rideuv21 won by resignation"]

1. e4 c5 2. c3 Nf6 3. e5 Nd5 4. d4 cxd4 5. cxd4 d6 6. f4 Nc6 7. Nc3 Nxc3 8. bxc3 dxe5 9. fxe5 Bf5 10. Nf3 e6 11. Bd3 Bxd3 12. Qxd3 Be7 13. O-O O-O 14. a4 Rc8 15. Ba3 Bxa3 16. Rxa3 Na5 17. Nd2 Qd5 18. Rc1 Nc4 19. Nxc4 Qxc4 20. Qxc4 Rxc4 21. Kf2 Rfc8 22. Ke3 a6 23. Kd3 b5 24. axb5 axb5 25. Rb3 b4 26. Kd2 bxc3+ 27. Rbxc3 Rxd4+ 28. Ke3 Rxc3+ 29. Rxc3 Rd8 30.
Rc7 g6 31. h4 Rd5 32. Ke4 Ra5 33. g3 Kg7 34. Rb7 Ra4+ 35. Kf3 h6 36. Rc7 g5 37.
hxg5 hxg5 38. Rb7 Kg6 39. Re7 Ra5 40. Ke4 Ra3 41. g4 Ra4+ 42. Kf3 Rf4+ 43. Kg3 Re4 44.
Re8 Rxe5 45. Rg8+ Kf6 46. Rh8 Re3+ 47. Kf2 Ra3 48. Rh6+ Ke5 49. Rh5 Kf4 50. Rh7 Rf3+ 51. Ke2 Kxg4 52. Rh1 f5 53. Rg1+ Rg3 54. Rb1 e5 55. Rb8 e4 56. Re8 e3 57. Rb8 f4 58.
Rg8 Rg2+ 59. Kd3 Rd2+ 60. Ke4 e2 0-1

[Event "Live Chess"]
[Site "Chess.com"]
[Date "2023.05.20"]
[Round "-"]
[White "alanmike75"]
[Black "KajusM"]
[Result "1/2-1/2"]
[WhiteElo "1518"]
[BlackElo "2276"]
[TimeControl "300"]
[EndTime "12:15:21 PDT"]
[Termination "Game drawn by repetition"]

1. e4 d5 2. exd5 Nf6 3. d4 Bg4 4.
Nf3 Qxd5 5. Be2 Nc6 6. c3 O-O-O 7. O-O e6 8. Qb3 Bd6 9. Qxd5 exd5 10. Bg5 Rhe8 11. Bd1 h6 12. Bxf6 gxf6 13. Nbd2 Re7 14.
Bb3 Bf4 15. Rfe1 Be6 16. g3 Bg5 17. Nxg5 fxg5 18. Nf3 Rde8 19. Ne5 Nxe5 20. Rxe5 c6 21. Rae1 Kd7 22. Bc2 f6 23. R5e3 Kd6 24. Bg6 Rg8 25. Bf5 Rge8 26. Bg6 Rf8 27. Bf5 Bxf5 28. Rxe7 Bd7 29.
R7e3 Rf7 30. f3 b5 31. a3 h5 32. Kf2 h4 33. g4 f5 34. Kg2 fxg4 35. fxg4 Bxg4 36.
h3 Bf5 37. Kh2 Be4 38. R3e2 Rf3 39. Rg1 Rf5 40. Rd2 c5 41. dxc5+ Kxc5 42. b3 a5 43. Rc1 Kd6 44. Re1 Ke5 45. c4 bxc4 46. bxc4 dxc4 47. Re3 Rf3 48. Rde2 Rxe3 49. Rxe3 Kd4 50. Re1 c3 51. Kg1 Kd3 52. Kf2 c2 53. Re3+ Kd2 54. Re2+ Kd3 55. Re3+ Kd2 56. Re2+ Kd1 57. Re1+ Kd2 58. Re2+ 1/2-1/2

[Event "Live Chess"]
[Site "Chess.com"]
[Date "2023.05.20"]
[Round "-"]
[White "chessfiction"]
[Black "ameetghasi100"]
[Result "0-1"]
[WhiteElo "2409"]
[BlackElo "2711"]
[TimeControl "300"]
[EndTime "12:15:21 PDT"]
[Termination "ameetghasi100 won by resignation"]

1. e4 c5 2. d4 cxd4 3. c3 dxc3 4. Nxc3 e6 5. Nf3 a6 6. Bd3 Nc6 7. e5 Nge7 8. Bg5 Qc7 9. Ne4 Nd5 10. O-O Nxe5 11.
Nxe5 Qxe5 12. Re1 Qd4 13. Rc1 Nb4 14. Rc3 Nc6 15. Qh5 d5 16. Ng3 Bb4 17. Nf5 g6 18. Nxd4 gxh5 19. Nxc6 bxc6 20. Bf6 Bxc3 21. bxc3 Rg8 22. h3 Rb8 23. Bxh7 Rf8 24. g4 hxg4 25.
hxg4 a5 26. g5 a4 27. Bc2 a3 28. f4 Rb2 29. Bb3 Ba6 30. f5 Kd7 31. g6 fxg6 32.
fxe6+ Ke8 33. Bh4 Rf4 34. Bg3 Rg4 35. Re3 Rxb3 36. axb3 a2 0-1

[Event "Live Chess"]
[Site "Chess.com"]
[Date "2023.05.20"]
[Round "-"]
[White "smoggyrabbit"]
[Black "Richardallis"]
[Result "1-0"]
[WhiteElo "1647"]
[BlackElo "1733"]
[TimeControl "300"]
[EndTime "12:15:25 PDT"]
[Termination "smoggyrabbit won by resignation"]

1. d4 c5 2. d5 d6 3. Nf3 e5 4. e4 a6 5. Nc3 b5 6. a3 f5 7. exf5 Bxf5 8. Bd3 Bxd3 9. Qxd3 Nf6 10. Bg5 Be7 11. Bxf6 Bxf6 12. Ne4 O-O 13. O-O Be7 14.
c4 Qd7 15. Neg5 Rf4 16. Qxh7+ 1-0

[Event "Live Chess"]
[Site "Chess.com"]
[Date "2023.05.20"]
[Round "-"]
[White "OSmith06"]
[Black "HoarseyHorsey"]
[Result "0-1"]
[WhiteElo "1670"]
[BlackElo "1404"]
[TimeControl "300"]
[EndTime "12:15:41 PDT"]
[Termination "HoarseyHorsey won - game abandoned"]

1. e4 c5 2. Nf3 e6 3. d4 cxd4 4. Nxd4 Nf6 5. Nc3 Nc6 6. Be3 Bb4 7. f3 d5 8. exd5 exd5 9. Qd2 O-O 10. O-O-O Re8 11.
g4 Bxc3 12. Qxc3 Qe7 13. Re1 Be6 14. Bg2 Rac8 15. Nxe6 Qxe6 16. Bg5 Qd6 17. Bxf6 d4 18. Rxe8+ Rxe8 19. Bxd4 Qxd4 20. Qxd4 Nxd4 21. c3 Ne2+ 22.
Kd2 Nf4 23. Bf1 b6 24. Bb5 Re5 25. Re1 Rxe1 26. Kxe1 Kf8 27. Kf2 Ke7 28. Ke3 Ne6 29. Bc4 Nc7 30. a4 h6 0-1

[Event "Live Chess"]
[Site "Chess.com"]
[Date "2023.05.20"]
[Round "-"]
[White "jameskwong"]
[Black "Pablo_dmp"]
[Result "1-0"]
[WhiteElo "2144"]
[BlackElo "1864"]
[TimeControl "300"]
[EndTime "12:15:44 PDT"]
[Termination "jameskwong won by resignation"]

1. d4 d5 2. c4 e6 3. Nc3 a6 4. Nf3 dxc4 5. a4 Nc6 6. e4 Na5 7. Be2 c5 8. d5 Nf6 9. O-O Be7 10. Bf4 O-O 11. d6 Re8 12. dxe7 Qxe7 13. Bd6 Qd7 14. Ne5 Qd8 15. Bxc5 Qc7 16. Bd6 Qb6 17. Nxc4 Nxc4 18. Bxc4 Rd8 19. e5 Nd7 20. Qe2 Nc5 21. Rfd1 1-0

[Event "Live Chess"]
[Site "Chess.com"]
[Date "2023.05.20"]
[Round "-"]
[White "Balu13"]
[Black "Lukaskonstanta4"]
[Result "0-1"]
[WhiteElo "824"]
[BlackElo "926"]
[TimeControl "300"]
[EndTime "12:15:45 PDT"]
[Termination "Lukaskonstanta4 won on time"]

1. e4 c5 2. f4 Nc6 3. c4 e6 4. Nf3 a6 5. d4 cxd4 6. g3 d6 7. Nxd4 Nf6 8. Nxc6 bxc6 9. c5 Qa5+ 10. Nc3 Nxe4 11. cxd6 Nxc3 12. bxc3 Qxc3+ 13. Bd2 Qc5 14. Bg2 Bxd6 15. Rc1 Qa7 16. Bxc6+ Bd7 17. Bxa8 Qxa8 18. O-O Qa7+ 19. Kg2 O-O 20. Bc3 Bc6+ 21. Kh3 Bb8 22. Qg4 f6 23. f5 exf5 24. Qxf5 Bd7 25. g4 Bxf5 26. Rxf5 Qe3+ 27. Kh4 Qxc1 0-1

[Event "Live Chess"]
[Site "Chess.com"]
[Date "2023.05.20"]
[Round "-"]
[White "mpersander"]
[Black "whitedjohn"]
[Result "0-1"]
[WhiteElo "1000"]
[BlackElo "1663"]
[TimeControl "300"]
[EndTime "12:15:50 PDT"]
[Termination "whitedjohn won by checkmate"]

1. e4 Nf6 2. Nc3 d5 3. e5 Nfd7 4. d4 e6 5. Qf3 c5 6. Nxd5 exd5 7. Qxd5 cxd4 8. Qxd4 Nc6 9. f4 Nxd4 10. Nf3 Nxc2+ 11. Kd2 Nxe5+ 12. Kxc2 Nxf3 13. gxf3 Qc7+ 14. Kb1 Bf5+ 15. Bd3 Bxd3# 0-1

[Event "Live Chess"]
[Site "Chess.com"]
[Date "2023.05.20"]
[Round "-"]
[White "ChippyChill"]
[Black "Bot_Boy"]
[Result "1-0"]
[WhiteElo "836"]
[BlackElo "330"]
[TimeControl "300"]
[EndTime "12:16:00 PDT"]
[Termination "ChippyChill won on time"]

1. e4 d5 2. exd5 Qxd5 3. Nc3 Qd8 4. d4 c6 5. Bg5 h6 6. Bf4 g5 7. Bxb8 Rxb8 8. Bc4 Bf5 9. Nf3 b5 10. Bd3 Bxd3 11.
Qxd3 Qd7 12. O-O Rd8 13. Rae1 e6 14. Ne5 Qc7 15. Ng6 Rh7 16. Nxf8 Kxf8 17. Qxh7 Re8 18. Ne4 c5 19. dxc5 Qe7 20. Qh8 f5 21. Re3 fxe4 22. Rxe4 Qf6 23. Qxf6+ Nxf6 24. Rd1 Nxe4 25. Rd7 Nxc5 26.
c3 1-0

[Event "Live Chess"]
[Site "Chess.com"]
[Date "2023.05.20"]
[Round "-"]
[White "ReceptiveCamel"]
[Black "MJMykh"]
[Result "1-0"]
[WhiteElo "672"]
[BlackElo "1041"]
[TimeControl "300"]
[EndTime "12:16:10 PDT"]
[Termination "ReceptiveCamel won by checkmate"]

1. e4 e5 2. Nf3 Nc6 3. Bb5 d6 4. Bxc6+ bxc6 5. d4 exd4 6. Qxd4 Nf6 7. Bg5 Be7 8. Nc3 O-O 9. Bxf6 Bxf6 10. Qe3 Bg4 11. h3 Bxf3 12. Qxf3 Bxc3+ 13. Qxc3 c5 14. O-O-O Qe7 15.
Rd3 Qxe4 16. Rg3 g6 17. Re1 Qa4 18. b3 Qxa2 19. h4 Qa6 20. h5 Qc6 21. hxg6 hxg6 22. Rh1 d5 23. Rh8# 1-0

[Event "Live Chess"]
[Site "Chess.com"]
[Date "2023.05.20"]
[Round "-"]
[White "chessleanstrategist"]
[Black "kevinmilleruk"]
[Result "0-1"]
[WhiteElo "400"]
[BlackElo "1113"]
[TimeControl "300"]
[EndTime "12:16:17 PDT"]
[Termination "kevinmilleruk won by resignation"]

1. c4 e5 2. Nc3 Nf6 3. g3 Bb4 4.
Bg2 d6 5. Nf3 O-O 6. O-O Bg4 7.
Qc2 Nc6 8. e3 Bxf3 9. Bxf3 Bxc3 10. Qxc3 e4 11. Bg2 d5 12. b4 d4 13. Qb2 d3 14.
Qb1 Re8 15. Bb2 Ne5 16. f4 Nxc4 17. Bxf6 Qxf6 18. Qb3 Nxd2 19. Rfc1 Nxb3 20. axb3 d2 21. Rxc7 Qxa1+ 0-1

[Event "Live Chess"]
[Site "Chess.com"]
[Date "2023.05.20"]
[Round "-"]
[White "mattlirious"]
[Black "Ferrarifan27"]
[Result "1-0"]
[WhiteElo "1332"]
[BlackElo "2080"]
[TimeControl "300"]
[EndTime "12:16:28 PDT"]
[Termination "mattlirious won by checkmate"]

1. e4 e5 2. Nf3 Nc6 3. Bc4 Nd4 4. Nxd4 exd4 5. d3 d6 6. O-O Nf6 7. Nd2 Be7 8. Nf3 c5 9. Bg5 O-O 10. a3 h6 11. Bd2 Be6 12. Bxe6 fxe6 13. b4 b6 14. e5 dxe5 15. Nxe5 Nd5 16. Qe2 Bd6 17. Ng6 Rf6 18. bxc5 Bxh2+ 19. Kxh2 Rxg6 20. g3 bxc5 21. Rfe1 Qf6 22. Kg2 Rf8 23. Rh1 Qf5 24. Rh5 Qf6 25. Re5 Qf7 26. Re1 Rf6 27. f4 Re8 28. Rxd5 Qb7 29.
Qf3 exd5 30. Rxe8+ Kf7 31. Re5 Rd6 32. Qh5+ Kg8 33. Re8+ Kh7 34. Qf5+ Rg6 35. Qf8 Rf6 36. Qxc5 Qf7 37. Qc8 Kg6 38. g4 Rxf4 39. Bxf4 Qxf4 40. Qe6+ Kh7 41. Qf5+ Qxf5 42. gxf5 g6 43. Re7+ Kg8 44.
Rxa7 gxf5 45. Rb7 Kf8 46. a4 Ke8 47. a5 Kd8 48. a6 Kc8 49. Rb4 f4 50. a7 f3+ 51. Kxf3 Kc7 52. a8=Q Kd6 53. Qb8+ Ke6 54. Rb6+ Kf5 55. Rc6 Kg5 56. Qe8 h5 57. Qd7 h4 58.
Re6 h3 59. Qf7 h2 60. Rg6+ Kh5 61. Qh7# 1-0

[Event "Live Chess"]
[Site "Chess.com"]
[Date "2023.05.20"]
[Round "-"]
[White "mliszewski"]
[Black "wot-not"]
[Result "1-0"]
[WhiteElo "1881"]
[BlackElo "1483"]
[TimeControl "300"]
[EndTime "12:16:29 PDT"]
[Termination "mliszewski won by resignation"]

1. d4 Nf6 2. Bg5 Ne4 3. h4 Nxg5 4. hxg5 h6 5. Qd3 d5 6. g6 Be6 7. Nf3 Nd7 8. Nc3 c6 9. gxf7+ Bxf7 10. e4 dxe4 11.
Nxe4 Nf6 12. Nc5 b6 13. Na6 e6 14. Ne5 c5 15. Nxf7 Kxf7 16. O-O-O Qxd4 17. Qf3 Qe4 18. Qb3 Qf4+ 19. Kb1 Qxf2 20. Nc7 Rb8 21. Qxe6+ Kg6 22. Bd3+ 1-0

[Event "Live Chess"]
[Site "Chess.com"]
[Date "2023.05.20"]
[Round "-"]
[White "Hacker_2009"]
[Black "Man-Del-Brot"]
[Result "1-0"]
[WhiteElo "1921"]
[BlackElo "1174"]
[TimeControl "300"]
[EndTime "12:16:38 PDT"]
[Termination "Hacker_2009 won on time"]

1. d4 Nf6 2. Nf3 d5 3. e3 Nbd7 4. c4 h6 5. Nc3 c6 6. cxd5 Nxd5 7.
Nxd5 cxd5 8. Be2 Nf6 9. O-O Bf5 10. b3 e6 11. Bb2 Bd6 12. Bb5+ Nd7 13. Rc1 a6 14. Bd3 Be4 15. Bxe4 dxe4 16. Nd2 Nf6 17.
Qc2 O-O 18. Nxe4 Nxe4 19. Qxe4 Qd7 20. Qg4 f5 21. Qg6 Rf6 22. Qh5 Qf7 23. Qf3 h5 24.
h3 Qg6 25. Qxb7 Raf8 26. Qxa6 e5 27. Qc4+ Kh7 28. dxe5 Qxg2+ 29. Kxg2 Rg6+ 30. Kf3 Be7 31. Rg1 Rxg1 32. Rxg1 Ra8 33. Qf7 1-0

[Event "Live Chess"]
[Site "Chess.com"]
[Date "2023.05.20"]
[Round "-"]
[White "dudeasy"]
[Black "WilliamofOrange16th"]
[Result "0-1"]
[WhiteElo "994"]
[BlackElo "1865"]
[TimeControl "300"]
[EndTime "12:16:38 PDT"]
[Termination "WilliamofOrange16th won by resignation"]

1. Nf3 d6 2. d4 Nf6 3. g3 Nbd7 4.
Bg2 e5 5. dxe5 dxe5 6. Nbd2 c6 7. O-O Bc5 8. c4 O-O 9. b3 h6 10. Bb2 e4 11. Nh4 Re8 12. Nf5 Nf8 13. Nh4 e3 14. fxe3 Bxe3+ 15. Kh1 Bd4 16. Bxd4 Qxd4 17. Nhf3 Qd6 18. Re1 Bg4 19. Qc2 Rad8 20. Rad1 Qc7 21. Nf1 Bh5 22. Rxd8 Rxd8 23. N1d2 Bg6 24. Qc1 Qa5 25.
Qb2 Ne6 26. Rd1 Ne4 27. Nxe4 Rxd1+ 28. Ng1 0-1

[Event "Live Chess"]
[Site "Chess.com"]
[Date "2023.05.20"]
[Round "-"]
[White "viktorskliarov"]
[Black "ossie57"]
[Result "1-0"]
[WhiteElo "2650"]
[BlackElo "1901"]
[TimeControl "300"]
[EndTime "12:16:41 PDT"]
[Termination "viktorskliarov won by resignation"]

1. e4 d6 2. d4 Nf6 3. Nc3 Nbd7 4. f3 e5 5. Nge2 Be7 6. Be3 c6 7. g4 h6 8. Ng3 Qc7 9. Qd2 exd4 10. Bxd4 Ne5 11.
Be2 Bd7 12. O-O-O c5 13. Be3 a6 14. Nf5 Bxf5 15. gxf5 Qa5 16. Rhg1 b5 17. Kb1 Rg8 18.
f4 Nc4 19. Bxc4 bxc4 20. e5 Rb8 21. Ka1 dxe5 22. fxe5 Qb4 23. Rb1 Nd7 24. Qd5 Bd8 25.
e6 fxe6 26. Qxe6+ Kf8 27. Qxd7 Bf6 28. Qd6+ Be7 29. Qxe7+ Kxe7 30. Nd5+ Kd6 31. Nxb4 Rxb4 32.
Bxh6 Rh8 33. Bf4+ Kc6 34. Rg6+ Kb7 35. Rxg7+ Kc6 36. f6 1-0

[Event "Live Chess"]
[Site "Chess.com"]
[Date "2023.05.20"]
[Round "-"]
[White "LiamClery2020"]
[Black "OleksiyJr1"]
[Result "1-0"]
[WhiteElo "2086"]
[BlackElo "933"]
[TimeControl "300"]
[EndTime "12:16:43 PDT"]
[Termination "LiamClery2020 won by resignation"]

1. e4 c5 2. Nf3 Nc6 3. Bb5 d6 4. O-O e5 5. Bxc6+ bxc6 6. Re1 Bb7 7. c3 Nf6 8. d4 cxd4 9. cxd4 Be7 10. dxe5 dxe5 11.
Qxd8+ Rxd8 12. Nxe5 Bd6 13. Nf3 O-O 14. e5 Bxe5 15.
Nxe5 Rfe8 16. Nc3 Nd5 17. Nxd5 cxd5 18. Bf4 f6 19. Nf3 Rxe1+ 20. Rxe1 d4 21. Rd1 Bxf3 22. gxf3 Rb8 23. Rxd4 Rxb2 24. Ra4 Rb7 25. Be3 Re7 26. Rxa7 1-0

[Event "Live Chess"]
[Site "Chess.com"]
[Date "2023.05.20"]
[Round "-"]
[White "NatashaRegan"]
[Black "TobyQuaite"]
[Result "0-1"]
[WhiteElo "1819"]
[BlackElo "1675"]
[TimeControl "300"]
[EndTime "12:16:45 PDT"]
[Termination "TobyQuaite won by resignation"]

1. e4 e6 2. Nf3 d5 3. exd5 exd5 4. g3 Nf6 5. Bg2 Bd6 6. O-O O-O 7. b3 Bg4 8. h3 Bh5 9. Bb2 Nbd7 10. g4 Bg6 11. d3 c6 12. Nbd2 Re8 13. Nh4 Ne5 14.
g5 Nh5 15. f4 Nd7 16. f5 Qxg5 17. Ndf3 Qe3+ 18. Rf2 Bg3 19. fxg6 Bxf2+ 20. Kh2 Qf4+ 21. Kh1 Ng3+ 22. Kh2 0-1

[Event "Live Chess"]
[Site "Chess.com"]
[Date "2023.05.20"]
[Round "-"]
[White "Conradical12"]
[Black "gmnorfolk"]
[Result "0-1"]
[WhiteElo "1566"]
[BlackElo "2024"]
[TimeControl "300"]
[EndTime "12:17:01 PDT"]
[Termination "gmnorfolk won by checkmate"]

1. e4 e5 2. Nf3 Nc6 3. Bc4 Nf6 4.
d3 Bc5 5. c3 O-O 6. a4 d5 7.
exd5 Nxd5 8. O-O Bg4 9. Nbd2 Nf4 10. Ne4 Be7 11. Bxf4 exf4 12. h3 Bh5 13. Qe2 Ne5 14. Rae1 Kh8 15. Neg5 Bd6 16. d4 Nxc4 17. Qxc4 h6 18.
Ne4 Bxf3 19. gxf3 Be7 20. Kh2 b6 21. Qc6 f5 22. Nd2 Bd6 23. Re6 Qh4 24. Nc4 Rad8 25.
Nxd6 cxd6 26. Rxd6 Rxd6 27. Qxd6 Rf6 28. Qd8+ Kh7 29. d5 Qh5 30. d6 Qxf3 31. d7 Rg6 32. Rg1 Qxf2+ 33. Kh1 Rxg1# 0-1

[Event "Live Chess"]
[Site "Chess.com"]
[Date "2023.05.20"]
[Round "-"]
[White "ProfPoisson"]
[Black "Zeraora719"]
[Result "1-0"]
[WhiteElo "1071"]
[BlackElo "763"]
[TimeControl "300"]
[EndTime "12:17:01 PDT"]
[Termination "ProfPoisson won by checkmate"]

1. e4 e5 2. Nf3 Nc6 3. d4 Nxd4 4. Nxd4 exd4 5. Qxd4 Bb4+ 6. Qxb4 d6 7. Nc3 c5 8. Qc4 Be6 9. Qd3 f5 10. exf5 Bd5 11.
Qxd5 b6 12. Bb5+ Kf8 13. O-O Qh4 14. Qxa8+ Kf7 15. Qe8+ Kf6 16. Qe6# 1-0

[Event "Live Chess"]
[Site "Chess.com"]
[Date "2023.05.20"]
[Round "-"]
[White "JoshMcK"]
[Black "JackRudd"]
[Result "0-1"]
[WhiteElo "1561"]
[BlackElo "2480"]
[TimeControl "300"]
[EndTime "12:17:02 PDT"]
[Termination "JackRudd won by resignation"]

1. e4 c6 2. d4 d5 3. e5 c5 4. Nf3 Nc6 5. dxc5 Bg4 6. Be2 e6 7. Bf4 Bxc5 8. a3 Nge7 9. O-O Ng6 10. b4 Bxf2+ 11. Rxf2 Nxf4 12. Bb5 Qb6 13. Bxc6+ bxc6 14.
Nbd2 O-O 15. h3 Bxh3 16. gxh3 Nxh3+ 17. Kh1 Nxf2+ 0-1

[Event "Live Chess"]
[Site "Chess.com"]
[Date "2023.05.20"]
[Round "-"]
[White "LL220284LL"]
[Black "JoeyCage"]
[Result "1-0"]
[WhiteElo "2401"]
[BlackElo "2309"]
[TimeControl "300"]
[EndTime "12:17:08 PDT"]
[Termination "LL220284LL won by checkmate"]

1. e4 c5 2. c3 Nc6 3. d4 cxd4 4. cxd4 d5 5. exd5 Qxd5 6. Nf3 Bg4 7. Nc3 Qa5 8. h3 Bxf3 9. Qxf3 e6 10. Bb5 Rc8 11.
O-O Ne7 12. Bd2 Qc7 13. Rac1 a6 14. Ba4 b5 15. Bf4 Qb7 16. d5 bxa4 17. dxc6 Qxc6 18.
Ne4 Qd7 19. Nd6+ Kd8 20. Nxf7+ Ke8 21. Nd6+ Kd8 22. Nxc8 Nxc8 23. Rfd1 Bd6 24. Bxd6 Nxd6 25. Qa8+ Ke7 26. Qxh8 Kf7 27. Qb8 Kg6 28. Rxd6 Qf7 29. Re1 h6 30. Rdxe6+ Kh7 31. Re8 Qf5 32. Rh8+ Kg6 33.
Qd6+ Qf6 34. Re6 Kf7 35. Rxf6+ gxf6 36. Rf8+ Kg7 37. Qxf6+ Kh7 38. Rh8# 1-0

[Event "Live Chess"]
[Site "Chess.com"]
[Date "2023.05.20"]
[Round "-"]
[White "booktrunk"]
[Black "ViktorTheCoolBoy"]
[Result "0-1"]
[WhiteElo "1320"]
[BlackElo "2527"]
[TimeControl "300"]
[EndTime "12:17:08 PDT"]
[Termination "ViktorTheCoolBoy won by checkmate"]

1. d4 Nf6 2. Bf4 g6 3. c3 Bg7 4. Na3 O-O 5. Nc2 d6 6. h3 Nbd7 7. e3 e5 8. dxe5 dxe5 9. Bh2 Qe7 10. Bd3 Nc5 11. Bc4 Rd8 12. Qe2 a5 13. Rd1 Be6 14. Rxd8+ Rxd8 15. Bxe6 Qxe6 16. b3 Nfe4 17. c4 Nc3 18. Qf3 e4 19. Qg4 Qxg4 20. hxg4 Rd1# 0-1

[Event "Live Chess"]
[Site "Chess.com"]
[Date "2023.05.20"]
[Round "-"]
[White "Bob2pen"]
[Black "ACx04"]
[Result "1-0"]
[WhiteElo "1791"]
[BlackElo "429"]
[TimeControl "300"]
[EndTime "12:17:16 PDT"]
[Termination "Bob2pen won by checkmate"]

1. e4 e5 2. Nf3 Nc6 3. Bb5 h6 4. c3 a6 5. Ba4 b5 6. Bb3 Bb7 7. O-O Bc5 8. d4 exd4 9. cxd4 Bb6 10. Nc3 d6 11. Nd5 Nf6 12. Nxb6 cxb6 13. Re1 O-O 14. Bf4 Re8 15. e5 dxe5 16. dxe5 Nxe5 17. Nxe5 Qxd1 18.
Raxd1 h5 19. Bxf7+ Kh7 20. Bg6+ Kg8 21. Bxe8 Rxe8 22.
Nf3 g6 23. Rxe8+ Nxe8 24. Rd8 Kf8 25. Ne5 Ke7 26. Bg5+ Ke6 27. Rxe8+ Kf5 28. Be3 g5 29. f3 g4 30. fxg4+ hxg4 31. g3 a5 32. Bf4 Ke4 33. Nxg4+ Kf3 34. h3 Bc6 35. Re3# 1-0

[Event "Live Chess"]
[Site "Chess.com"]
[Date "2023.05.20"]
[Round "-"]
[White "LiamBellwood"]
[Black "EdenHazard8"]
[Result "0-1"]
[WhiteElo "2056"]
[BlackElo "2097"]
[TimeControl "300"]
[EndTime "12:17:20 PDT"]
[Termination "EdenHazard8 won on time"]

1. d4 e6 2. Nc3 f5 3. Bf4 Nf6 4. e3 Be7 5. Bd3 O-O 6. Nf3 b6 7. Ne5 Bb7 8. g4 fxg4 9. Nxg4 c5 10. Rg1 Nc6 11. Nxf6+ Rxf6 12. Qh5 g6 13. Bh6 Qe8 14.
Ne4 Rf5 15. Qh3 Nb4 16. Ng5 Nxd3+ 17. cxd3 Bxg5 18. Bxg5 Qf7 19. Bf4 cxd4 20. Rc1 dxe3 21. Bxe3 Ba6 22. Rc7 Bxd3 23. Bd4 Rf3 24. Qh6 Rf8 25.
h4 Rxf2 26. h5 Re2+ 27. Kd1 Qf1+ 0-1

[Event "Live Chess"]
[Site "Chess.com"]
[Date "2023.05.20"]
[Round "-"]
[White "mightysmasher"]
[Black "DerbyKnight"]
[Result "1-0"]
[WhiteElo "2104"]
[BlackElo "1632"]
[TimeControl "300"]
[EndTime "12:17:21 PDT"]
[Termination "mightysmasher won on time"]

1. e4 c6 2. d4 d5 3. Nd2 dxe4 4. Nxe4 Nf6 5. Nxf6+ exf6 6. c3 Bd6 7. Bd3 O-O 8.
Ne2 Re8 9. O-O Nd7 10. Ng3 Nf8 11. Be3 Be6 12. Nh5 g6 13. Nf4 Qc7 14. Qd2 Rad8 15. Rfe1 Bd5 16. Nxd5 Bxh2+ 17. Kh1 Rxd5 18. Be2 Ne6 19.
Bf3 Rdd8 20. Bh6 Bf4 21. Bxf4 Nxf4 22. g3 Ne6 23. Bg2 Ng5 24. Rad1 Rxe1+ 25. Rxe1 Qd6 26. Qe3 h5 27. Qe2 Kg7 28. Qe3 Qd7 29. Qe7 Ne6 30.
Qxd7 Rxd7 31. Bh3 Rc7 32. Bxe6 fxe6 33. Re5 1-0

[Event "Live Chess"]
[Site "Chess.com"]
[Date "2023.05.20"]
[Round "-"]
[White "thrithik"]
[Black "Doge_Dandolo"]
[Result "0-1"]
[WhiteElo "385"]
[BlackElo "2026"]
[TimeControl "300"]
[EndTime "12:17:22 PDT"]
[Termination "Doge_Dandolo won by checkmate"]

1. d3 b6 2. e3 Bb7 3. f3 g6 4. Nc3 Bg7 5. Ne4 d5 6. Ng5 e5 7. Bd2 Qxg5 8. Bc3 Qe7 9. a3 d4 10. Bb4 c5 11. exd4 exd4+ 12. Be2 cxb4 13. axb4 Nf6 14. c3 O-O 15. cxd4 Qxb4+ 16. Kf1 Qxd4 17. b3 Nd5 18. Ra4 Ne3+ 19. Kf2 Nxd1+ 20. Ke1 Qe3 21. Nh3 Nc3 22. Re4 Bxe4 23. fxe4 Qxe2# 0-1

[Event "Live Chess"]
[Site "Chess.com"]
[Date "2023.05.20"]
[Round "-"]
[White "mikkyb4"]
[Black "McSlash1"]
[Result "0-1"]
[WhiteElo "1010"]
[BlackElo "2066"]
[TimeControl "300"]
[EndTime "12:17:36 PDT"]
[Termination "McSlash1 won by resignation"]

1. e4 c5 2. a3 e6 3. b4 cxb4 4. axb4 Bxb4 5. c3 Be7 6. d4 d5 7. e5 Nc6 8. Nf3 Qc7 9. Na3 f6 10. Nb5 Qb8 11. Bf4 f5 12. Be2 a6 13. Nd6+ Bxd6 14. exd6 Bd7 15. O-O Nf6 16. Ng5 O-O 17. Qc1 h6 18. Nxe6 Bxe6 19. d7 Qd8 20. Bd6 Rf7 21.
Bh5 Rxd7 22. Be5 Nxe5 23. dxe5 Ne4 24. Re1 Rc8 25. Ra3 d4 26. f3 Nc5 27. cxd4 Rxd4 28. f4 Nd3 0-1

[Event "Live Chess"]
[Site "Chess.com"]
[Date "2023.05.20"]
[Round "-"]
[White "ElectricFalcon"]
[Black "Greenbecker"]
[Result "0-1"]
[WhiteElo "1064"]
[BlackElo "1627"]
[TimeControl "300"]
[EndTime "12:17:58 PDT"]
[Termination "Greenbecker won by resignation"]

1. d4 d5 2. c4 e6 3. Nf3 Nf6 4.
Nc3 Bb4 5. Bg5 Bxc3+ 6. bxc3 O-O 7. e3 c6 8. Bd3 Nbd7 9. e4 dxe4 10. Bxe4 Qa5 11. Bxf6 Qxc3+ 12. Nd2 Nxf6 13. Bf3 Qxd4 14. O-O Rd8 15. Nb3 Qxd1 16. Raxd1 Rxd1 17. Rxd1 Bd7 18. Nd4 h6 19. Ne2 g5 20. h3 Kg7 21. Nd4 Rd8 22.
Nb3 Kf8 23. Nc5 b6 24. Na6 Ke7 25. Nb4 Be8 26. Bxc6 Rxd1+ 27. Kh2 Bxc6 28. Nxc6+ Kd6 29. Nxa7 Kc5 30. Nc8 Kxc4 31. Nxb6+ Kb5 32. Nc8 Ne4 33. a3 Nxf2 34. Ne7 Ne4 35. a4+ Kxa4 36. h4 gxh4 37. Kh3 Rh1+ 38. Kg4 f5+ 39. Kf4 h3 40. gxh3 Rxh3 41.
Ng6 Rb3 42. Ke5 Nc5 43. Nf4 Rb4 44. Nxe6 Nxe6 45. Kxf5 Rb8 46. Kxe6 Rg8 47. Kf7 Rg1 48. Kf6 h5 49. Kf5 h4 50. Kf4 h3 51. Kf3 h2 52.
Kf2 h1=Q 53. Ke3 Qh3+ 54. Ke4 Rg4+ 55. Kd5 Qh5+ 56. Ke6 Rg6+ 57. Kd7 Qh7+ 0-1

[Event "Live Chess"]
[Site "Chess.com"]
[Date "2023.05.20"]
[Round "-"]
[White "MarkLim1"]
[Black "Brooms1989"]
[Result "1-0"]
[WhiteElo "1687"]
[BlackElo "1016"]
[TimeControl "300"]
[EndTime "12:18:03 PDT"]
[Termination "MarkLim1 won by checkmate"]

1. d4 Nf6 2. Nf3 g6 3. c4 Bg7 4. Nc3 O-O 5. e4 d6 6. Be2 Bg4 7. Be3 Nbd7 8. Ng1 Bxe2 9. Ngxe2 e5 10. d5 Nb6 11. Qd3 Ng4 12. Bd2 Qf6 13. f3 Nh6 14. g4 g5 15. O-O-O a5 16. h4 Qd8 17. hxg5 f6 18. gxh6 Bxh6 19. Ng3 Bxd2+ 20. Rxd2 c6 21.
Rdh2 Rf7 22. Nf5 cxd5 23. cxd5 Rc8 24. Nh6+ Kf8 25. Nxf7 Kxf7 26. Rxh7+ Ke8 27. Rh8+ Kd7 28. Rxd8+ Rxd8 29. Rh7+ Kc8 30. Nb5 Kb8 31. Qc3 Rc8 32. Rc7 a4 33. Rxc8+ Nxc8 34. Qc7+ Ka8 35. Qxc8# 1-0

[Event "Live Chess"]
[Site "Chess.com"]
[Date "2023.05.20"]
[Round "-"]
[White "mattlirious"]
[Black "JoshMcK"]
[Result "0-1"]
[WhiteElo "1329"]
[BlackElo "1564"]
[TimeControl "300"]
[EndTime "12:18:41 PDT"]
[Termination "JoshMcK won by resignation"]

1. e4 c6 2. d4 d5 3. e5 c5 4. Nf3 Nc6 5. Bb5 cxd4 6. Nxd4 Bd7 7. Qf3 Nxd4 8. Bxd7+ Qxd7 9. Qd3 Nc6 10. O-O Nxe5 11. Qe3 Nc6 12. c3 Nf6 13. Nd2 e6 14. Nb3 Be7 15. Re1 O-O 0-1